 Seeded DCSS version 0.30.1-11-g7821555f0a (webtiles) character file.

Game seed: 430007637681659361 (custom seed)

88 McKennaii the Conjurer (level 4, 33/33 HPs)
             Began as a Demigod Conjurer on Jan 16, 2024.
             Quit the game on level 2 of the Dungeon.
             The game lasted 00:02:25 (1828 turns).

McKennaii the Conjurer (Demigod Conjurer)           Turns: 1828, Time: 00:02:26

Health: 33/33      AC:  3    Str:  8    XL:     4   Next: 9%
Magic:  11/11      EV: 12    Int: 24    God:
Gold:   67         SH:  0    Dex: 12    Spells: 6/9 levels left

rFire   . . .        g - +3 war axe
rCold   . . .        (no shield)
rNeg    . . .        a - +0 robe
rPois   .            n - +0 helmet
rElec   .            (no cloak)
rCorr   .            (no gloves)
SInv    .            (no boots)
Will    .....        (no amulet)
Stlth   ++           e - ring of flight
HPRegen 0.25/turn    (no ring)
MPRegen 0.12/turn

%: no passive effects
@: flying
A: high MP 1, forlorn, divine attributes
a: no special abilities


You were on level 2 of the Dungeon.
You visited 1 branch of the dungeon, and saw 2 of its levels.

You collected 67 gold pieces.

Inventory:

Hand Weapons
 g - a +3 war axe (weapon)
Armour
 a - a +0 robe (worn)
 n - a +0 helmet (worn)
 p - a +0 pair of gloves
Jewellery
 e - a ring of flight (left hand)
Wands
 m - a wand of flame (23)
Scrolls
 c - a scroll of fear {unknown}
 d - 2 scrolls of noise {unknown}
 f - a scroll of brand weapon {unknown}
 h - a scroll of vulnerability {unknown}
 k - a scroll of identify {unknown}
 o - a scroll of acquirement
Potions
 b - a potion of magic
 i - a potion of ambrosia {unknown}
 j - a potion of curing {unknown}
 l - a potion of cancellation {unknown}
 q - a potion of attraction {unknown}


   Skills:
 - Level 1.7 Dodging
 - Level 1.7 Stealth
 + Level 3.0 Spellcasting
 + Level 4.5 Conjurations


You had 6 spell levels left.
You knew the following spells:

 Your Spells              Type           Power      Damage    Failure   Level
a - Magic Dart            Conj           100%       1d8       1%          1
b - Searing Ray           Conj           50%        2d6       2%          2

Your spell library contained the following spells:

 Spells                   Type           Power      Damage    Failure   Level
 Sandblast                Erth           6%         2d5       11%         1
 Dazzling Flash           Conj/Hex       28%        N/A       13%         3
 Stone Arrow              Conj/Erth      28%        3d8       13%         3
 Passwall                 Tmut/Erth      2%         N/A       16%         2
 Fulminant Prism          Conj/Hex       7%         3d6       38%         4
 Iskenderun's Mystic Bla  Conj/Tloc      14%        2d5       38%         4


Dungeon Overview and Level Annotations

Branches:
Dungeon (2/15)


Innate Abilities, Weirdness & Mutations

You have an increased reservoir of magic. (+10% MP)
You shall have no god before yourself.
Your divine heritage dramatically boosts your attributes as you level up.


Message History

A ball python comes into view.
The magic dart hits the ball python!
You kill the ball python!
o - 4 scrolls labelled CYEFEGG KASOI (gained 3)
A giant cockroach comes into view.
The magic dart hits the giant cockroach.
You kill the giant cockroach!
Found a stone staircase leading up.
You can't see any susceptible monsters within range! (Use Z to cast anyway.)
You see here a giant cockroach corpse.
There is a stone staircase leading up here.
Found a stone staircase leading down.
You can't see any susceptible monsters within range! (Use Z to cast anyway.)
There is a stone staircase leading down here.
You see here 5 stones.
Things that are here:
a +0 scale mail; a +0 hand axe of electrocution
There is a stone staircase leading up here.
Found an ancient bone altar of Kikubaaqudgha.
q - a grey potion You can't see any susceptible monsters within range! (Use Z to cast anyway.) Done exploring.
You can't see any susceptible monsters within range! (Use Z to cast anyway.) Done exploring.
You can't see any susceptible monsters within range! (Use Z to cast anyway.) Done exploring.
You can't see any susceptible monsters within range! (Use Z to cast anyway.) Done exploring.
You can't see any susceptible monsters within range! (Use Z to cast anyway.) Done exploring.
You can't see any susceptible monsters within range! (Use Z to cast anyway.) Done exploring.
You can't see any susceptible monsters within range! (Use Z to cast anyway.) Done exploring.
This is a scroll of acquirement!
Something appears at your feet! Something appears at your feet!
Something appears at your feet!
Unknown command.
Are you sure you want to abandon this character and quit the game? (Confirm with "yes".)

..#
#.........#
###
#.........#
#
#.........#
#.........#
#.>.......#
#.........#
#...._....#
###.....#.#
#.@.....#
##.....##
#######


There were no monsters in sight!

Vanquished Creatures
  Terence (D:2)
  2 adders (D:2)
  A dart slug (D:1)
  2 endoplasms
  4 giant cockroaches
  3 goblins
  5 hobgoblins
  3 quokkas
  8 ball pythons
  8 bats
  A frilled lizard (D:1)
  A kobold (D:1)
  5 rats
44 creatures vanquished.

Notes
Turn   | Place    | Note
-------+----------+-------------------------------------------
     0 | D:1      | McKennaii the Demigod Conjurer began the quest for the Orb.
     0 | D:1      | Reached XP level 1. HP: 14/14 MP: 5/5
   284 | D:1      | Reached XP level 2. HP: 16/20 MP: 0/7
   392 | D:1      | Learned a level 2 spell: Searing Ray
   639 | D:1      | Reached skill level 4 in Conjurations
  1182 | D:2      | Noticed Terence
  1201 | D:2      | Killed Terence
  1202 | D:2      | Reached XP level 3. HP: 18/26 MP: 0/9
  1501 | D:2      | Reached XP level 4. HP: 33/33 MP: 5/11
  1825 | D:2      | Identified 4 scrolls of acquirement
  1825 | D:2      | Acquired the +1 pair of boots of the Thunderstorm {Dex+3}
  1826 | D:2      | Acquired 929 gold pieces
  1827 | D:2      | Acquired the ring "Leric" {Ice rN+ Will+ Int+2 Dex+2 SInv}
  1828 | D:2      | Quit the game

Illustrated notes

Levels and vault maps discovered:
D:1:      wander_arrival_chamber, layout_basic, kennysheep_boxes
D:2:      layout_rooms, dilly_ecumenical_altar_fadedgnrine, basic_altar,
          uniq_terence

Skill      XL: |  1  2  3 |
---------------+----------+-----
Spellcasting   | 2 3 |  3.0
Conjurations   | 4 |  4.5
Dodging        | |  1.7
Stealth        | |  1.7

Action                     |  1- 3 |  4- 6 || total
---------------------------+-------+-------++-------
   Cast: Magic Dart        |    73 |     7 ||    80
         Searing Ray       |     2 |       ||     2
    Use: Scroll            |       |     3 ||     3
 Armour: Robe              |     2 |       ||     2
  Dodge: Dodged            |     8 |       ||     8
